Map: Whirlwind LE (Void)

Players

Musumeci - Winner!

  • Race: Zerg Zerg
  • League: Diamond
  • Spawn Location: 7:00

CashMoney

  • Race: Terran Terran
  • League: Diamond
  • Spawn Location: 1:00

VOD

Have the link to the VOD?

Description

Time

  • Played on: Jan. 15, 2017, 3:27 p.m.
  • Length: 24:39
Show
View Real Time Build Order
Export as new Build Order

Musumeci Zerg - Winner!

Build Orders: Pool First, Ravager All-In 

Get SALT Encoding   

  12  0:19  Spawning Pool  
  11  0:21  Drone  
  11  0:26  Extractor  
  11  0:28  Drone  
  12  0:33  Drone  
  13  0:39  Drone  
  14  0:47  Overlord  
  14  1:05  Zergling x2  
  14  1:09  Roach Warren  
  14  1:11  Extractor  
  14  1:14  Drone  
  14  1:32  Overlord  
  14  1:50  Roach x2  
  18  1:59  Roach  
  20  2:17  Ravager  
  20  2:18  Ravager  
  20  2:21  Ravager  
  23  2:23  Roach  
  24  2:46  Roach  
  24  2:48  Ravager  
  27  3:00  Roach  
  27  3:01  Overlord  
  29  3:09  Ravager  
  30  3:20  Ravager  
  30  3:24  Roach  
  30  4:02  Roach x3  
  27  4:25  Drone x2  
  29  4:39  Hatchery  
  29  4:41  Ravager x3  
  31  4:47  Drone  
  32  5:17  Ravager  
  30  5:47  Drone  
  30  5:48  Drone x2  
  30  5:49  Queen  
  35  6:11  Drone x4  
  39  6:16  Hatchery  
  38  6:20  Drone x2  
  38  6:23  Drone  
  41  6:30  Lair  
  41  6:35  Drone x2  
  28  6:55  Queen, Drone x3  
  33  7:18  Roach x5  
  43  7:25  Overlord x2  
  43  7:43  Queen  
  45  7:55  Ravager  
  45  7:56  Ravager  
  45  7:57  Drone x2  
  45  7:58  Roach x4  
  57  8:06  Ravager  
  44  8:38  Queen  
  46  8:43  Drone x12  
  55  8:49  Drone x3  
  55  8:54  Glial Reconstitution  
  58  9:00  Evolution Chamber  
  58  9:01  Evolution Chamber  
  56  9:05  Ravager x2  
  58  9:13  Roach  
  58  9:16  Overlord x3  
  58  9:33  Spore Crawler  
  58  9:34  Spore Crawler  
  56  9:42  Spore Crawler  
  56  9:43  Spore Crawler  
  56  9:45  Spore Crawler  
  53  9:49  Drone x8, Spore Crawler  
  60  9:53  Ravager  
  60  9:54  Ravager x2  
  60  9:58  Overlord  
  63  10:04  Extractor  
  63  10:05  Drone x2, Extractor  
  63  10:19  Zerg Ground Armor Level 1, Zerg Missile Weapons Level 1  
  60  10:25  Drone x3  
  60  10:26  Drone x2  
  62  10:46  Roach x7  
  62  10:49  Overlord  
  72  11:11  Roach  
  72  11:12  Roach x7  
  88  11:20  Drone x2  
  90  11:33  Overlord  
  90  11:34  Overlord x2  
  90  11:51  Queen  
  92  11:56  Ravager  
  92  11:57  Ravager x3  
  96  12:03  Extractor  
  96  12:06  Extractor  
  94  12:19  Spore Crawler  
  94  12:20  Spore Crawler  
  94  12:22  Spore Crawler  
  91  12:27  Ravager x2  
  91  12:28  Ravager x5  
  91  12:29  Roach x2  
  102  12:34  Drone x3  
  102  12:35  Drone  
  106  12:37  Overlord x5  
  78  13:08  Drone x5  
  78  13:09  Drone x12  
  78  13:12  Drone  
  90  13:17  Drone  
  90  13:19  Drone  
  89  13:38  Spore Crawler  
  89  13:39  Spore Crawler  
  87  13:41  Roach  
  87  13:42  Roach x2  
  87  13:46  Roach  
  95  13:49  Drone x2  
  95  13:52  Drone x3  
  95  13:54  Drone  
  101  13:56  Drone  
  103  14:10  Ravager x4  
  103  14:11  Ravager x2  
  103  14:12  Roach  
  103  14:13  Roach x3  
  117  14:19  Overlord  
  117  14:22  Overlord  
  117  14:32  Hatchery  
  116  14:43  Zerg Missile Weapons Level 2  
  116  14:44  Zerg Ground Armor Level 2  
  112  14:48  Queen  
  98  14:56  Roach  
  98  14:57  Roach x10  
  102  15:10  Ravager  
  102  15:12  Roach x4  
  102  15:13  Roach x3  
  117  15:27  Ravager  
  117  15:28  Ravager x10  
  128  15:32  Queen  
  130  15:37  Ravager x2  
  130  15:39  Overlord x4  
  130  15:40  Overlord x2  
  132  15:46  Extractor  
  132  15:49  Queen  
  133  15:57  Roach x5  
  133  15:58  Roach  
  145  16:06  Extractor  
  144  16:14  Infestation Pit  
  143  16:33  Roach x10  
  136  17:04  Roach  
  136  17:05  Roach x13  
  152  17:10  Spine Crawler x2  
  152  17:11  Spine Crawler  
  152  17:13  Spine Crawler  
  148  17:23  Ravager x6  
  148  17:25  Spore Crawler  
  148  17:28  Spore Crawler  
  154  17:41  Hive  
  152  18:04  Spine Crawler  
  151  18:06  Spine Crawler  
  151  18:10  Spine Crawler  
  149  18:13  Hatchery  
  149  18:17  Spine Crawler, Ravager x9  
  149  18:18  Ravager  
  151  18:55  Hatchery  
  121  19:42  Drone x5  
  126  20:09  Hatchery  
  125  20:31  Roach x11  
  125  20:32  Roach x11  
  125  20:34  Overlord x3  
  125  20:35  Overlord x2  
  116  21:22  Roach x4  
  116  21:23  Roach x7  
  119  21:36  Drone  
  119  21:37  Drone x3  
  111  21:50  Extractor  
  111  21:52  Ravager x4  
  111  21:53  Extractor, Ravager x8  
  112  21:57  Zerg Missile Weapons Level 3, Zerg Ground Armor Level 3  
  113  22:39  Spore Crawler  
  112  22:48  Roach x16  
  112  22:49  Roach  
  146  23:23  Extractor  
  145  23:46  Spine Crawler x2, Roach  
  145  23:47  Spine Crawler, Roach x9  
Show
View Real Time Build Order
Export as new Build Order

CashMoney Terran 

Build Orders: Reaper Expand, MMM Bio 

Get SALT Encoding   

  12  0:00  SCV  
  13  0:13  SCV  
  14  0:17  Supply Depot  
  14  0:25  SCV  
  15  0:38  SCV  
  15  0:40  Barracks  
  16  0:44  Refinery  
  16  0:51  SCV  
  17  1:03  SCV  
  18  1:16  SCV  
  19  1:28  Orbital Command, Reaper  
  20  1:43  Command Center  
  20  1:53  Barracks  
  20  1:56  SCV  
  21  2:03  Supply Depot  
  21  2:07  Barracks Reactor  
  21  2:10  SCV  
  22  2:19  Refinery  
  22  2:22  SCV  
  21  2:33  Factory  
  21  2:34  SCV  
  22  2:42  Barracks Tech Lab  
  22  2:43  Marine  
  22  2:44  Marine  
  24  2:57  SCV  
  25  3:02  Stimpack, Marine x3  
  27  3:17  Factory Tech Lab  
  27  3:18  Bunker  
  27  3:22  Bunker  
  27  3:24  Marine  
  27  3:25  Marine  
  29  3:34  Orbital Command  
  27  3:47  Marine  
  27  3:48  Siege Tank  
  26  3:56  Marine  
  26  4:00  Marine  
  18  4:14  Marine  
  19  4:29  SCV x2  
  21  4:39  Siege Tank  
  21  4:41  SCV x2  
  26  4:49  Supply Depot  
  26  4:52  Barracks Reactor  
  26  4:55  Marauder  
  26  4:56  SCV  
  26  4:57  SCV  
  30  5:08  Starport  
  30  5:21  Marauder  
  32  5:35  Marine x2  
  31  5:37  SCV  
  31  5:38  SCV  
  35  5:45  Supply Depot  
  35  5:48  Marine  
  36  5:53  Marine  
  36  5:54  SCV x2  
  36  5:56  Combat Shields  
  39  6:08  Supply Depot  
  39  6:10  Marauder, Marine  
  42  6:18  Marine  
  42  6:21  Medivac  
  41  6:51  Marine x2  
  41  6:52  Marauder, Medivac  
  47  6:58  Orbital Command  
  47  6:59  SCV  
  48  7:11  SCV  
  49  7:23  SCV  
  50  7:40  Marine x3  
  53  7:53  SCV  
  54  8:00  Barracks  
  54  8:02  Barracks  
  54  8:03  Barracks  
  54  8:06  Supply Depot  
  54  8:11  Supply Depot  
  53  8:26  Siege Tank  
  54  8:29  Marine x2  
  54  8:30  Marine, Medivac  
  59  8:44  SCV x2  
  59  8:48  Barracks Reactor x2  
  54  8:49  Marine x2  
  54  8:50  Marine  
  57  8:56  SCV x2  
  57  9:01  Supply Depot x2  
  59  9:05  Command Center  
  59  9:22  Marine x2  
  61  9:24  Barracks Reactor  
  61  9:25  Marine x2  
  61  9:26  Marine x3  
  61  9:27  Concussive Shells  
  61  9:28  Starport Reactor  
  61  9:30  SCV  
  67  9:32  SCV  
  67  9:33  Engineering Bay  
  67  9:35  Refinery, Engineering Bay  
  68  9:42  SCV, Supply Depot  
  68  9:44  SCV  
  70  9:52  Marine x6  
  74  9:53  Marine  
  74  9:54  SCV  
  74  9:57  SCV  
  79  10:07  Marine x2  
  79  10:09  Marine, Medivac x2  
  83  10:32  Marine x9  
  90  10:41  Medivac x2  
  94  10:46  SCV  
  94  10:47  SCV  
  94  10:48  Orbital Command  
  94  10:49  Marine  
  96  10:50  Marine  
  96  10:55  Marine  
  96  10:56  Marine x5  
  104  10:57  Marine  
  104  11:01  Terran Infantry Weapons Level 1  
  104  11:03  Terran Infantry Armor Level 1  
  99  11:17  Marauder, Marine x4  
  102  11:19  Marine  
  102  11:21  SCV  
  104  11:30  Refinery  
  104  11:33  Refinery  
  104  11:36  Marine x5  
  104  11:37  Marine  
  109  12:15  Marine x4  
  111  12:16  Marauder, Marine x2  
  117  12:23  Barracks x2  
  117  12:24  Barracks  
  117  12:28  Supply Depot x2  
  117  12:30  Supply Depot  
  117  12:33  Armory  
  117  12:49  SCV, Marine x2  
  90  13:11  Marauder, Barracks Tech Lab  
  90  13:12  Barracks Reactor, Marine, Barracks Tech Lab  
  79  13:13  Marine x7  
  79  13:14  Siege Tank  
  79  13:15  Medivac  
  87  13:28  Medivac  
  87  13:30  Marine  
  90  13:37  Orbital Command  
  90  13:42  Marauder x2  
  90  13:43  Marauder, Marine x3  
  99  14:02  Marine  
  99  14:04  Marauder x3  
  103  14:32  Marauder x2  
  103  14:35  Marauder, Marine x10  
  117  14:52  Marine  
  105  14:56  Marauder x2, Marine x9  
  105  14:57  Marine  
  97  15:11  Marauder, Medivac x2  
  97  15:12  SCV  
  97  15:13  SCV  
  97  15:14  Marine x2  
  105  15:19  Marauder, Refinery  
  105  15:20  Marauder  
  111  15:28  Terran Infantry Weapons Level 2, Terran Infantry Armor Level 2  
  111  15:44  Marauder x3, Marine  
  111  15:45  Marine x9  
  127  16:42  Marine  
  127  16:43  Marauder x3, Marine x7  
  141  16:52  Marine x2  
  133  17:00  Marine  
  103  17:08  Marine  
  103  17:09  Marauder x3, Marine x6  
  103  17:14  Medivac x2  
  112  17:26  Marine x4  
  112  17:27  Marine  
  117  17:30  Marauder x2  
  121  17:43  Marine  
  121  17:44  Marauder, Marine x8  
  132  17:51  Marauder  
  130  18:12  Command Center  
  130  18:18  Marauder x2, Marine x2  
  130  18:19  Marauder, Marine x3  
  141  18:22  Marine  
  141  18:33  Marine x4, Medivac x2  
  149  18:34  Supply Depot  
  149  18:35  Supply Depot  
  134  18:52  Marauder, Marine  
  134  18:53  Marauder x2, Marine x7  
  140  19:24  Marauder x3, Marine x9  
  140  19:49  Terran Infantry Weapons Level 3  
  140  19:50  Marauder x2, Marine  
  132  20:25  Marauder x2, Marine x3  
  132  20:26  Marauder, Marine x7  
  148  20:43  Marine x3  
  110  21:05  Marauder x3, Marine x4  
  98  21:24  Marine x2  
  70  21:27  Marauder x3  
  55  21:48  Marauder  
  57  22:06  Orbital Command  
  57  22:17  Marauder x2, Marine  
  60  22:59  Medivac x2  
  60  23:01  Marauder x2, Marine x2  
  69  23:31  Marauder x3, Marine x10  
  85  23:37  SCV  
  85  23:40  Orbital Command  
  86  23:49  Marine x2  
  86  23:53  Marine  
  86  23:54  Marauder x3, Marine x2  
  77  24:13  Marine x3  
  77  24:15  Marauder x2  
Tags
 
Add a new tag
Caveats
  • Supply blocks, unpowered buildings, or Contaminate may cause inaccurate times.
  • Supply counts are checked every 10 seconds.